PL
TOLEDO TITANS @ PHOENIX HOTSPUR
09/22/2021
 
TOP OF THE 1ST
Toledo Titans batting - Pitching for Phoenix Hotspur : RHP John Brown
Pitching: RHP John Brown
Batting: RHB Juan Ramos 0-0: Ball
1-0: Ball
2-0: Foul Ball, location: 2F
2-1: SINGLE (Line Drive, 56D)
Batting: SHB Mustapha Gonzales 0-0: Foul Ball, location: 2F
0-1: Ball
1-1: Ball
2-1: Called Strike
2-2: Strikes out swinging
Batting: RHB Donald Thompson 0-0: Fly out, F7 (Flyball, 78D)
Batting: LHB Miguel Chávez 0-0: Called Strike
0-1: Ball
1-1: Foul Ball, location: 2F
1-2: Fielders Choice at 2nd, U6 (Groundball, 6M)
Top of the 1st over - 0 run(s), 1 hit(s), 0 error(s), 1 left on base; Toledo 0 - Phoenix 0
BOTTOM OF THE 1ST
Phoenix Hotspur batting - Pitching for Toledo Titans : LHP Walt Johnston
Pitching: LHP Walt Johnston
Batting: SHB Dave Orchard 0-0: Called Strike
0-1: SOLO HOME RUN (Flyball, 7D), Distance : 398 ft
Batting: RHB Terry Armstrong 0-0: Foul Ball, location: 2F
0-1: Swinging Strike
0-2: Ground out 5-3 (Groundball, 5L)
Batting: LHB Pedro Willis 0-0: Ball
1-0: Called Strike
1-1: Ball
2-1: Called Strike
2-2: Foul Ball, location: 2F
2-2: Ball
3-2: Ground out 4-3 (Groundball, 4D)
Batting: RHB Pedro Torrez 0-0: Ball
1-0: Ball
2-0: Fly out, F8 (Flyball, 8LXD)
Bottom of the 1st over - 1 run(s), 1 hit(s), 0 error(s), 0 left on base; Toledo 0 - Phoenix 1
TOP OF THE 2ND
Toledo Titans batting - Pitching for Phoenix Hotspur : RHP John Brown
Batting: RHB Juan Orozco 0-0: Foul Ball, location: 2F
0-1: Ball
1-1: Ball
2-1: Fly out, F3 (Popup, 3SF)
Batting: RHB Anthony Johnston 0-0: SINGLE (Groundball, 56D)
Batting: RHB Sherman Davis 0-0: Foul Ball, location: 2F
0-1: Foul Ball, location: 2F
0-2: Ball
1-2: Strikes out swinging
Batting: LHB Iván Gonzáles 0-0: Ball
1-0: Called Strike
Anthony Johnston steals 2nd base
1-1: Called Strike
1-2: Ball
2-2: Foul Ball, location: 2F
2-2: Ball
3-2: Fly out, F6 (Flyball, 8LS)
Top of the 2nd over - 0 run(s), 1 hit(s), 0 error(s), 1 left on base; Toledo 0 - Phoenix 1
BOTTOM OF THE 2ND
Phoenix Hotspur batting - Pitching for Toledo Titans : LHP Walt Johnston
Batting: RHB Pablo León 0-0: SINGLE (Line Drive, 89S)
Batting: RHB Raúl González 0-0: Ball
1-0: Ball
2-0: Ball
3-0: Base on Balls
Pablo León to second
Batting: RHB Chet Nix 0-0: Foul Ball, location: 2F
0-1: Foul Ball, location: 2F
0-2: Ball
1-2: Grounds into double play, U4-3 (Groundball, 4)
Pablo León to third
Batting: LHB Ken Norman 0-0: Ball
1-0: Called Strike
1-1: Ball
2-1: Ground out U3 (Groundball, 3L)
Bottom of the 2nd over - 0 run(s), 1 hit(s), 0 error(s), 1 left on base; Toledo 0 - Phoenix 1
TOP OF THE 3RD
Toledo Titans batting - Pitching for Phoenix Hotspur : RHP John Brown
Batting: RHB Soseki Matsunaga 0-0: Swinging Strike
0-1: Bunt for hit - play at first, batter OUT! 1-3
Batting: RHB Juan Ramos 0-0: Called Strike
0-1: Ball
1-1: Foul Ball, location: 2F
1-2: Ball
2-2: TRIPLE (Line Drive, 89D)
Batting: SHB Mustapha Gonzales 0-0: Ball
1-0: Foul Ball, location: 2F
1-1: Ball
2-1: SINGLE (Line Drive, 6MD)
Juan Ramos scores
Batting: RHB Donald Thompson 0-0: Ball
1-0: Grounds into double play, 1-6-3 (Groundball, 13)
Top of the 3rd over - 1 run(s), 2 hit(s), 0 error(s), 0 left on base; Toledo 1 - Phoenix 1
BOTTOM OF THE 3RD
Phoenix Hotspur batting - Pitching for Toledo Titans : LHP Walt Johnston
Batting: RHB Juan Aguirre 0-0: Ground out 5-3 (Groundball, 5)
Batting: SHB Dave Orchard 0-0: Called Strike
0-1: Fly out, F7 (Line Drive, 78D)
Batting: RHB Terry Armstrong 0-0: Called Strike
0-1: Foul Ball, location: 2F
0-2: Foul Ball, location: 2F
0-2: Ball
1-2: Ball
2-2: Foul Ball, location: 2F
2-2: Ground out 6-3 (Groundball, 6M)
Bottom of the 3rd over - 0 run(s), 0 hit(s), 0 error(s), 0 left on base; Toledo 1 - Phoenix 1
TOP OF THE 4TH
Toledo Titans batting - Pitching for Phoenix Hotspur : RHP John Brown
Batting: LHB Miguel Chávez 0-0: Ball
1-0: Called Strike
1-1: Fly out, F6 (Popup, 5D)
Batting: RHB Juan Orozco 0-0: Ball
1-0: Ground out 5-3 (Groundball, 5L)
Batting: RHB Anthony Johnston 0-0: Called Strike
0-1: Ball
1-1: Called Strike
1-2: Ball
2-2: Strikes out swinging
Top of the 4th over - 0 run(s), 0 hit(s), 0 error(s), 0 left on base; Toledo 1 - Phoenix 1
BOTTOM OF THE 4TH
Phoenix Hotspur batting - Pitching for Toledo Titans : LHP Walt Johnston
Batting: LHB Pedro Willis 0-0: Ball
1-0: Swinging Strike
1-1: Ball
2-1: Called Strike
2-2: Strikes out looking
Batting: RHB Pedro Torrez 0-0: Ball
1-0: Ball
2-0: Ball
3-0: Base on Balls
Batting: RHB Pablo León 0-0: Ball
1-0: Called Strike
1-1: Swinging Strike
1-2: 2-RUN HOME RUN (Flyball, 9D), Distance : 402 ft
Batting: RHB Raúl González 0-0: Ball
1-0: Fly out, F4 (Popup, 89S)
Batting: RHB Chet Nix 0-0: Fly out, F8 (Flyball, 8LM)
Bottom of the 4th over - 2 run(s), 1 hit(s), 0 error(s), 0 left on base; Toledo 1 - Phoenix 3
TOP OF THE 5TH
Toledo Titans batting - Pitching for Phoenix Hotspur : RHP John Brown
Batting: RHB Sherman Davis 0-0: Ball
1-0: Called Strike
1-1: Ball
2-1: Ground out 5-3 (Groundball, 5S)
Pitching: LHP Juan Sánchez
Batting: LHB Iván Gonzáles 0-0: Foul Ball, location: 2F
0-1: Ball
1-1: Ground out 4-3 (Groundball, 13)
Batting: RHB Soseki Matsunaga 0-0: Foul Ball, location: 2F
0-1: Foul Ball, location: 2F
0-2: Ball
1-2: Foul Ball, location: 2F
1-2: Ball
2-2: Strikes out swinging
Top of the 5th over - 0 run(s), 0 hit(s), 0 error(s), 0 left on base; Toledo 1 - Phoenix 3
BOTTOM OF THE 5TH
Phoenix Hotspur batting - Pitching for Toledo Titans : LHP Walt Johnston
Batting: LHB Ken Norman 0-0: Called Strike
0-1: Swinging Strike
0-2: Ball
1-2: Ball
2-2: Ball
3-2: Strikes out swinging
Pitching: RHP Angus Barlow
Batting: RHB Juan Aguirre 0-0: Called Strike
0-1: Hit by Pitch
Batting: SHB Dave Orchard 0-0: Swinging Strike
0-1: Ball
1-1: Foul Ball, location: 2F
1-2: Strikes out swinging
Batting: RHB Terry Armstrong 0-0: Ball
1-0: Ball
2-0: Ground out 6-3 (Groundball, 6)
Bottom of the 5th over - 0 run(s), 0 hit(s), 0 error(s), 1 left on base; Toledo 1 - Phoenix 3
TOP OF THE 6TH
Toledo Titans batting - Pitching for Phoenix Hotspur : LHP Juan Sánchez
Batting: RHB Juan Ramos 0-0: Fly out, F8 (Flyball, 8RM)
Batting: SHB Mustapha Gonzales 0-0: Ball
1-0: Ball
2-0: Foul Ball, location: 2F
2-1: Foul Ball, location: 2F
2-2: Ball
3-2: Foul Ball, location: 2F
3-2: Foul Ball, location: 2F
3-2: Foul Ball, location: 2F
3-2: Foul Ball, location: 2F
3-2: Foul Ball, location: 2F
3-2: Fly out, F4 (Popup, 4D)
Batting: RHB Donald Thompson 0-0: SINGLE (Groundball, 56D)
Batting: LHB Miguel Chávez 0-0: Ball
1-0: Ball
2-0: Foul Ball, location: 2F
2-1: Called Strike
2-2: Strikes out swinging
Top of the 6th over - 0 run(s), 1 hit(s), 0 error(s), 1 left on base; Toledo 1 - Phoenix 3
BOTTOM OF THE 6TH
Phoenix Hotspur batting - Pitching for Toledo Titans : RHP Angus Barlow
Batting: LHB Pedro Willis 0-0: Foul Ball, location: 2F
0-1: Ball
1-1: Foul Ball, location: 2F
1-2: Ground out 1-3 (Groundball, 13)
Batting: RHB Pedro Torrez 0-0: Called Strike
0-1: Ball
1-1: Ball
2-1: Reached on error, E5 (Groundball, 56)
Batting: RHB Pablo León 0-0: Called Strike
0-1: Ball
1-1: Foul Ball, location: 2F
1-2: Foul Ball, location: 2F
1-2: Ball
2-2: Fly out, F3 (Popup, 3F)
Batting: RHB Raúl González 0-0: Ball
1-0: Swinging Strike
1-1: Called Strike
1-2: Foul Ball, location: 2F
1-2: Ball
2-2: Strikes out swinging
Bottom of the 6th over - 0 run(s), 0 hit(s), 1 error(s), 1 left on base; Toledo 1 - Phoenix 3
TOP OF THE 7TH
Toledo Titans batting - Pitching for Phoenix Hotspur : LHP Juan Sánchez
Batting: RHB Juan Orozco 0-0: Ball
1-0: Swinging Strike
1-1: Ball
2-1: Swinging Strike
2-2: Foul Ball, location: 2F
2-2: Ball
3-2: Foul Ball, location: 2F
3-2: Strikes out swinging
Batting: RHB Anthony Johnston 0-0: Swinging Strike
0-1: Ball
1-1: Ball
2-1: Ground out 4-3 (Groundball, 34D)
Batting: RHB Sherman Davis 0-0: Foul Ball, location: 2F
0-1: Swinging Strike
0-2: Ball
1-2: Strikes out swinging
Top of the 7th over - 0 run(s), 0 hit(s), 0 error(s), 0 left on base; Toledo 1 - Phoenix 3
BOTTOM OF THE 7TH
Phoenix Hotspur batting - Pitching for Toledo Titans : RHP Angus Barlow
Batting: RHB Chet Nix 0-0: Called Strike
0-1: Called Strike
0-2: Ball
1-2: Foul Ball, location: 2F
1-2: Strikes out swinging
Batting: LHB Ken Norman 0-0: Called Strike
0-1: SINGLE (Flyball, 7S)
Batting: RHB Juan Aguirre 0-0: Called Strike
0-1: Ball
1-1: Ball
2-1: Foul Ball, location: 2F
2-2: Ball
3-2: Strikes out swinging
Pitching: RHP Burt Booth
Batting: SHB Dave Orchard 0-0: Foul Ball, location: 2F
0-1: Called Strike
0-2: Foul Ball, location: 2F
0-2: Fly out, F6 (Popup, 6D)
Bottom of the 7th over - 0 run(s), 1 hit(s), 0 error(s), 1 left on base; Toledo 1 - Phoenix 3
TOP OF THE 8TH
Toledo Titans batting - Pitching for Phoenix Hotspur : LHP Juan Sánchez
Batting: LHB Iván Gonzáles 0-0: Ball
1-0: Ball
2-0: Foul Ball, location: 2F
2-1: Ground out 4-3 (Groundball, 4)
Batting: RHB Soseki Matsunaga 0-0: Called Strike
0-1: Ball
1-1: Swinging Strike
1-2: Ground out 6-3 (Groundball, 6)
Pitching: LHP Wes Hamm
Batting: RHB Juan Ramos 0-0: Bunt for hit - play at first, batter OUT! 1-3
Top of the 8th over - 0 run(s), 0 hit(s), 0 error(s), 0 left on base; Toledo 1 - Phoenix 3
BOTTOM OF THE 8TH
Phoenix Hotspur batting - Pitching for Toledo Titans : RHP Burt Booth
Batting: RHB Terry Armstrong 0-0: Called Strike
0-1: Ball
1-1: Ball
2-1: Foul Ball, location: 2F
2-2: Ball
3-2: SINGLE (Groundball, 56D)
Batting: LHB Pedro Willis 0-0: Ball
1-0: Fly out, F7 (Flyball, 7M)
Batting: RHB Pedro Torrez 0-0: Ball
1-0: Called Strike
1-1: Foul Ball, location: 2F
1-2: DOUBLE (Flyball, 9LD)
Terry Armstrong to third
Runner from 3rd tries for Home, SAFE, throw made at trailing runner, SAFE at third!
Batting: RHB Pablo León 0-0: Fly out, F6 (Popup, 6MD)
Batting: RHB Raúl González 0-0: Called Strike
0-1: Ball
1-1: Ball
2-1: SINGLE (Groundball, 56)
Pedro Torrez scores
Pitching: RHP Yusuke Saito
Batting: RHB Chet Nix 0-0: Called Strike
0-1: Called Strike
0-2: Ball
1-2: Foul Ball, location: 2F
1-2: Ball
2-2: Strikes out looking
Bottom of the 8th over - 2 run(s), 3 hit(s), 0 error(s), 1 left on base; Toledo 1 - Phoenix 5
TOP OF THE 9TH
Toledo Titans batting - Pitching for Phoenix Hotspur : LHP Wes Hamm
Batting: SHB Mustapha Gonzales 0-0: Ball
1-0: Foul Ball, location: 2F
1-1: Ball
2-1: SINGLE (Line Drive, 4D)
Batting: RHB Donald Thompson 0-0: Ball
1-0: Called Strike
1-1: SINGLE (Line Drive, 56D)
Mustapha Gonzales to second
Pitching: RHP Manuel Núńez
Batting: LHB Miguel Chávez 0-0: Ball
1-0: Called Strike
1-1: Ball
2-1: SINGLE (Groundball, 34D)
Mustapha Gonzales to third
Donald Thompson to second
Runner from 3rd tries for Home, SAFE, throw made home
Donald Thompson to third
Miguel Chávez to second
Batting: RHB Juan Orozco 0-0: Called Strike
0-1: Ball
1-1: Ball
2-1: Called Strike
2-2: Foul Ball, location: 2F
2-2: SINGLE (Groundball, 56D)
Donald Thompson scores
Miguel Chávez to third
Batting: RHB Anthony Johnston 0-0: Ball
1-0: Swinging Strike
1-1: Ball
2-1: Fly out, F9 (Flyball, 9M)
Runner from 3rd tags up, SCORES, throw made
Pinch Hitting: LHB Salvador Vidal 0-0: Ball
1-0: Foul Ball, location: 2F
1-1: Ball
2-1: Reached on error, E6 (Groundball, 6M)
Juan Orozco to second
Batting: LHB Iván Gonzáles 0-0: Swinging Strike
0-1: Foul Ball, location: 2F
0-2: Ball
1-2: Ball
2-2: Fly out, F9 (Line Drive, 89M)
Pitching: RHP Craig Moody
Batting: RHB Soseki Matsunaga 0-0: Ball
1-0: SINGLE (Line Drive, 78M)
Juan Orozco to third
Salvador Vidal to second
Runner from 3rd tries for Home, SAFE, no throw or cutoff
Batting: RHB Juan Ramos 0-0: Foul Ball, location: 2F
0-1: Foul Ball, location: 2F
0-2: Fielders Choice at 2nd, 5-4 (Groundball, 5)
Top of the 9th over - 4 run(s), 5 hit(s), 1 error(s), 1 left on base; Toledo 5 - Phoenix 5
BOTTOM OF THE 9TH
Phoenix Hotspur batting - Pitching for Toledo Titans : RHP Yusuke Saito
Pitching: RHP Eric Miller
Now in LF: Salvador Vidal
Batting: LHB Ken Norman 0-0: SINGLE (Groundball, 4MD)
Batting: RHB Juan Aguirre 0-0: Sac Bunt - play at first, batter OUT! 1-4
Ken Norman to second
Batting: SHB Dave Orchard 0-0: Called Strike
0-1: Ball
1-1: Ball
2-1: Foul Ball, location: 2F
2-2: Strikes out swinging
Batting: RHB Terry Armstrong 0-0: Called Strike
0-1: Ball
1-1: Called Strike
1-2: Fly out, F3 (Popup, 3S)
Bottom of the 9th over - 0 run(s), 1 hit(s), 0 error(s), 1 left on base; Toledo 5 - Phoenix 5
TOP OF THE 10TH
Toledo Titans batting - Pitching for Phoenix Hotspur : RHP Craig Moody
Pinch Hitting: RHB Pablo Trujillo 0-0: Ball
1-0: Foul Ball, location: 2F
1-1: Ball
2-1: Foul Ball, location: 2F
2-2: Strikes out swinging
Batting: RHB Donald Thompson 0-0: Ball
1-0: Called Strike
1-1: Ball
2-1: Foul Ball, location: 2F
2-2: Ball
3-2: Foul Ball, location: 2F
3-2: Foul Ball, location: 2F
3-2: SINGLE (Line Drive, 56D)
Pitching: RHP Alin Oanta
Batting: LHB Miguel Chávez 0-0: Grounds into double play, 6-4-3 (Groundball, 6)
Top of the 10th over - 0 run(s), 1 hit(s), 0 error(s), 0 left on base; Toledo 5 - Phoenix 5
BOTTOM OF THE 10TH
Phoenix Hotspur batting - Pitching for Toledo Titans : RHP Eric Miller
Now in CF: Pablo Trujillo
Batting: LHB Pedro Willis 0-0: Ball
1-0: Foul Ball, location: 2F
1-1: SINGLE (Line Drive, 89S)
Batting: RHB Pedro Torrez 0-0: Called Strike
0-1: Fly out, F8 (Flyball, 8LXD)
Pinch Hitting: LHB Casey Bright 0-0: Foul Ball, location: 2F
0-1: Ball
1-1: Ground out 3-1 (Groundball, 34)
Pedro Willis to second
Batting: RHB Raúl González 0-0: Swinging Strike
0-1: Ball
1-1: Foul Ball, location: 2F
1-2: Ball
2-2: Ball
3-2: Base on Balls
Pinch Runner at 2nd John Cossey:
Batting: RHB Chet Nix 0-0: Called Strike
0-1: Foul Ball, location: 2F
0-2: Ball
1-2: Strikes out looking
Bottom of the 10th over - 0 run(s), 1 hit(s), 0 error(s), 2 left on base; Toledo 5 - Phoenix 5
TOP OF THE 11TH
Toledo Titans batting - Pitching for Phoenix Hotspur : RHP Alin Oanta
Now at 3B: Paul Campbell
Now in LF: Casey Bright
Batting: RHB Juan Orozco 0-0: SINGLE (Line Drive, 8RS)
Batting: RHB Anthony Johnston 0-0: Ball
1-0: Bunt missed!
1-1: Sac Bunt - play at first, batter OUT! 1-4
Juan Orozco to second
Batting: LHB Salvador Vidal 0-0: Foul Ball, location: 2F
0-1: Ball
1-1: Ground out 1-3 (Groundball, 13)
Juan Orozco to third
Batting: LHB Iván Gonzáles 0-0: Ball
1-0: Called Strike
1-1: Swinging Strike
1-2: Ground out 1-3 (Groundball, 13S)
Top of the 11th over - 0 run(s), 1 hit(s), 0 error(s), 1 left on base; Toledo 5 - Phoenix 5
BOTTOM OF THE 11TH
Phoenix Hotspur batting - Pitching for Toledo Titans : RHP Eric Miller
Pitching: RHP Ryoichi Maruyama
Batting: LHB Ken Norman 0-0: Ground out 4-3 (Groundball, 4)
Batting: RHB Juan Aguirre 0-0: Ground out 6-3 (Groundball, 6)
Batting: SHB Dave Orchard 0-0: Called Strike
0-1: Swinging Strike
0-2: Ball
1-2: Ball
2-2: Ball
3-2: TRIPLE (Flyball, 89M)
Batting: RHB Terry Armstrong 0-0: Called Strike
0-1: Ball
1-1: Swinging Strike
1-2: Ball
2-2: Ball
Passed Ball!
Dave Orchard scores
This league is powered by Out of the Park Baseball, the baseball management simulation game for PC, Mac and Linux
Friday, January 22nd, 2016 - OOTP Baseball 16.9 Build 39